 Dungeon Crawl Stone Soup version 0.20-a0-971-g5896763 (console) character file.

8311 nht the Slicer (level 11, 0/84 HPs)
             Began as a Bultungin Enchanter on Apr 8, 2017.
             Was a Priest of Nemelex Xobeh.
             Succumbed to an orc warrior's poison
             ... on level 11 of the Dungeon.
             The game lasted 00:34:33 (10440 turns).

nht the Slicer (Bultungin Enchanter)               Turns: 10440, Time: 00:34:34

Health: 0/84       AC: 10    Str: 12    XL:     11   Next: 28%
Magic:  28/28      EV: 12    Int: 18    God:    Nemelex Xobeh [***...]
Gold:   536        SH:  0    Dex: 15    Spells: 5/21 levels left

rFire    . . .     SeeInvis +   a - +1 rapier "Fetukkod" {elec, Str+4}
rCold    . . .     Gourm    +   (no shield)
rNeg     + . .     Faith    .   u - +1 scale mail {rN+}
rPois    .         Spirit   .   (no helmet)
rElec    .         Reflect  .   (no cloak)
rCorr    .         Harm     .   (no gloves)
MR       .....                  O - +0 pair of boots
Stlth    +++.......             o - amulet of the gourmand
Regen    0.3/turn               E - ring of magical power
MPRegen  0.3/turn               p - ring of stealth

@: lethally poisoned (0 -> -1)
A: short attention span, fangs 1, see invisible, strong nose
a: Triple Draw, Renounce Religion


You were on level 11 of the Dungeon.
You worshipped Nemelex Xobeh.
Nemelex Xobeh was most pleased with you.
You were very full.

You visited 1 branch of the dungeon, and saw 11 of its levels.

You collected 536 gold pieces.

Inventory:

Hand Weapons
 a - the +1 rapier "Fetukkod" (weapon) {elec, Str+4}
   (You found it on level 8 of the Dungeon)

   Occasionally, upon striking a foe, it will discharge some electrical energy
   and cause terrible harm.
   It affects your strength (+4).
 f - a +0 blowgun
 t - a +0 hunting sling
 D - a +1 falchion of slicing
Missiles
 r - 140 sling bullets
 P - 4 curare-tipped needles
Armour
 u - a +1 scale mail of positive energy (worn)
 O - a +0 pair of boots (worn)
Jewellery
 j - an uncursed ring of protection from magic
 o - an amulet of the gourmand (around neck)
 p - a ring of stealth (right hand)
 B - an uncursed ring of flight
 E - a ring of magical power (left hand)
 H - a +3 amulet of reflection
Wands
 b - a wand of confusion (22/48)
 m - a wand of digging (5/24)
 y - a wand of scattershot (2/9)
Scrolls
 i - 10 scrolls of remove curse
 A - 2 scrolls of amnesia
 L - a scroll of teleportation
 N - 2 scrolls of identify
 Q - a scroll of enchant armour
Potions
 h - 2 potions of haste
 l - 3 potions of heal wounds
 n - 2 potions of curing
 q - 3 potions of might
 w - 2 potions of ambrosia
 x - 2 potions of brilliance
 z - 2 potions of flight
 C - a potion of resistance
 I - a potion of magic
 J - a potion of invisibility
Books
 c - a book of Maledictions

   Spells                             Type                      Level
   a - Corona                         Hexes                        1
   b - Ensorcelled Hibernation        Hexes/Ice                    2
   c - Confuse                        Hexes                        3
   d - Tukima's Dance                 Hexes                        3
   e - Dazzling Spray                 Conjuration/Hexes            3
 F - a book of Minor Magic

   Spells                             Type                      Level
   a - Magic Dart                     Conjuration                  1
   b - Blink                          Translocation                2
   c - Call Imp                       Summoning                    2
   d - Slow                           Hexes                        2
   e - Conjure Flame                  Conjuration/Fire             3
   f - Mephitic Cloud                 Conjuration/Poison/Air       3
Miscellaneous
 e - an ornate deck of summoning
 v - a legendary deck of destruction {drawn: 2}
 G - a plain deck of escape {drawn: 2}
 M - a plain deck of summoning
Comestibles
 d - 6 bread rations
 g - 7 royal jellies
 k - 5 meat rations
 s - 3 fruits
 K - 14 chunks of flesh


   Skills:
 - Level 7.0 Fighting
 + Level 9.4 Short Blades
 - Level 7.1 Armour
 - Level 7.0 Dodging
 - Level 7.0 Stealth
 + Level 5.7 Spellcasting
 - Level 7.0 Conjurations
 - Level 8.1 Hexes
 - Level 7.1 Ice Magic
 + Level 4.8 Air Magic
 + Level 4.8 Poison Magic
 - Level 7.0 Invocations
 + Level 3.6 Evocations


You had 5 spell levels left.
You knew the following spells:

 Your Spells              Type           Power        Failure   Level  Hunger
a - Dazzling Spray        Conj/Hex       ####..       10%         3    ##.....
b - Ensorcelled Hibernat  Hex/Ice        ####..       3%          2    None
c - Confuse               Hex            ####....     6%          3    ##.....
d - Tukima's Dance        Hex            ####....     6%          3    ##.....
e - Mephitic Cloud        Conj/Pois/Air  ####....     17%         3    ##.....
f - Blink                 Tloc           N/A          86%         2    None


Dungeon Overview and Level Annotations

Branches:
Dungeon (11/15)            Temple (0/1) D:6
   Lair: D:8-11         Orc: D:9-12

Altars:
Cheibriados
Dithmenos
Makhleb
Nemelex Xobeh
Okawaru
Ru
Trog
The Shining One


Innate Abilities, Weirdness & Mutations

You have a short attention span.
You have very sharp teeth.
You have supernaturally acute eyesight. (SInv)
Your uncanny sense of smell can sniff out nearby items.


Message History

* * * LOW HITPOINT WARNING * * *
You feel sick.
Evoke which item? (* to show all) (? for menu, Esc to quit)
You draw a card...
It is the Cloud.
Clouds appear around you!
You feel sick. The orc warrior barely misses you.
You feel sick.
The orc warrior is engulfed in noxious fumes.
Evoke which item? (* to show all) (? for menu, Esc to quit)
Okay, then.
You feel sick.
You hear a shout! x2
You feel sick.
You feel sick.
Found a stone staircase leading down.
Evoke which item? (* to show all) (? for menu, Esc to quit)
You draw a card...
It is the Cloud.
Clouds appear around you! The orc warrior hits you with a mace!
* * * LOW HITPOINT WARNING * * *
You die...
Your body disappears without a glow. ██████ █.oooo███ █..o).oo█ █o█ █.█ █o█████████

██.....§o.@█
█......§§§...█
█..........█.....
█..........███..>.
█..........█ ...
█..........█ ..
████.███████ .
█....█


█████'████ You could see an orc warrior.

Vanquished Creatures
  2 two-headed ogres
  An unseen horror (D:10)
  An ugly thing (D:9)
  Grinder (D:4)
  12 yaks
  The ghost of Duskembrace the Sneak, an amateur NaEn (D:3)
  An acid dragon (D:11)
  3 orc warriors
  2 ice beasts
  2 phantoms
  A sky beast (D:8)
  A black bear (D:9)
  2 ogres
  4 centaurs
  2 bullfrogs (D:9)
  A big kobold (D:9)
  2 gnoll sergeants
  A wyvern skeleton (D:10)
  5 killer bees
  4 wights
  2 howler monkeys
  A crimson imp (D:7)
  2 bullfrog zombies (D:5)
  2 hounds
  4 orc priests
  A centaur skeleton (D:7)
  Jessica (D:3)
  An iguana (D:10)
  4 orc wizards
  7 worker ants
  A hound zombie (D:5)
  A howler monkey skeleton (D:9)
  17 gnolls
  8 adders
  4 shadow imps (D:9)
  An ooze (D:1)
  2 adder skeletons
  2 worms
  2 dart slugs (D:3)
  4 leopard geckos
  26 orcs
  4 giant cockroaches
  7 goblins
  6 hobgoblins
  19 jackals
  10 kobolds
  7 quokkas
  7 bats
  4 frilled lizards
  2 leopard gecko skeletons
  A quokka skeleton (D:5)
  5 rats
214 creatures vanquished.

Vanquished Creatures (collateral kills)
  2 two-headed ogres
  A hippogriff (D:10)
  A hungry ghost (D:8)
  An orc warrior (D:6)
  2 ogres
  A big kobold (D:10)
  9 killer bees
  A wight (D:7)
  3 howler monkeys (D:8)
  A hound (D:6)
  An orc wizard (D:9)
  An orc priest (D:6)
  A worker ant (D:9)
  An adder (D:7)
  3 orcs (D:7)
  A jackal (D:9)
  A kobold (D:10)
31 creatures vanquished.

Vanquished Creatures (others)
  A dancing weapon (D:7)
1 creature vanquished.

Grand Total: 246 creatures vanquished

Notes
Turn   | Place    | Note
-------+----------+-------------------------------------------
     0 | D:1      | nht the Bultungin Enchanter began the quest for the Orb.
     0 | D:1      | Reached XP level 1. HP: 13/13 MP: 4/4
    43 | D:1      | Reached skill level 2 in Short Blades
   303 | D:1      | Reached skill level 3 in Short Blades
   303 | D:1      | Reached XP level 2. HP: 17/19 MP: 6/6
  1118 | D:2      | Reached skill level 4 in Short Blades
  1118 | D:2      | Reached XP level 3. HP: 24/24 MP: 7/7
  1315 | D:2      | Reached skill level 5 in Short Blades
  1403 | D:2      | Learned a level 2 spell: Ensorcelled Hibernation
  1407 | D:2      | Learned a level 3 spell: Confuse
  1685 | D:2      | Reached XP level 4. HP: 18/30 MP: 5/8
  1996 | D:3      | Noticed Duskembrace's ghost (amateur NaEn)
  2745 | D:3      | Killed Duskembrace's ghost
  2745 | D:3      | Reached skill level 6 in Short Blades
  2745 | D:3      | Reached XP level 5. HP: 29/35 MP: 6/9
  2777 | D:3      | Learned a level 3 spell: Tukima's Dance
  2936 | D:3      | Noticed Jessica
  2943 | D:3      | Killed Jessica
  2943 | D:3      | Reached XP level 6. HP: 39/41 MP: 7/10
  3021 | D:3      | Reached skill level 7 in Short Blades
  3373 | D:4      | Noticed a phantom
  3396 | D:4      | Killed a phantom
  3396 | D:4      | Reached skill level 1 in Fighting
  3756 | D:4      | Reached XP level 7. HP: 50/50 MP: 11/11
  3937 | D:4      | Found a bloodstained altar of Trog.
  3938 | D:4      | Found an iron altar of Okawaru.
  4192 | D:4      | Noticed Grinder
  4202 | D:4      | Killed Grinder
  4202 | D:4      | Reached skill level 5 in Stealth
  4305 | D:4      | Found a sacrificial altar of Ru.
  4386 | D:5      | Entered Level 5 of the Dungeon
  4437 | D:5      | Reached XP level 8. HP: 33/60 MP: 2/12
  4632 | D:5      | Found a glowing golden altar of the Shining One.
  4709 | D:5      | Found a sparkling altar of Nemelex Xobeh.
  4713 | D:5      | Became a worshipper of Nemelex Xobeh the Trickster
  4750 | D:5      | Reached skill level 5 in Dodging
  5046 | D:5      | Received a gift from Nemelex Xobeh
  5050 | D:5      | Reached skill level 8 in Short Blades
  5810 | D:5      | wtf is with the miscasts
  5810 | D:5      | stupid armour
  5815 | D:5      | Reached skill level 5 in Fighting
  5970 | D:6      | Reached skill level 1 in Armour
  5998 | D:6      | Found a staircase to the Ecumenical Temple.
  6025 | D:6      | Reached skill level 1 in Ice Magic
  6223 | D:6      | Found a burning altar of Makhleb.
  6234 | D:6      | Reached skill level 1 in Invocations
  6490 | D:7      | Reached * piety under Nemelex Xobeh
  6495 | D:7      | attention span?
  6530 | D:7      | Noticed a two-headed ogre
  6545 | D:7      | Killed a two-headed ogre
  6545 | D:7      | Reached XP level 9. HP: 68/69 MP: 1/13
  6998 | D:7      | Received a gift from Nemelex Xobeh
  7742 | D:8      | Received a gift from Nemelex Xobeh
  7787 | D:8      | Reached skill level 5 in Ice Magic
  7791 | D:8      | Reached skill level 5 in Armour
  7791 | D:8      | Reached skill level 5 in Invocations
  7837 | D:8      | Noticed a two-headed ogre
  7845 | D:8      | Killed a two-headed ogre
  7845 | D:8      | Reached XP level 10. HP: 44/79 MP: 10/14
  7850 | D:8      | Learned a level 3 spell: Dazzling Spray
  7857 | D:8      | Got a polished rapier
  7858 | D:8      | Identified the +1 rapier "Fetukkod" {elec, Str+4} (You found it on level 8 of the Dungeon)
  7884 | D:8      | Learned a level 3 spell: Mephitic Cloud
  7913 | D:8      | Reached ** piety under Nemelex Xobeh
  8017 | D:9      | Reached skill level 1 in Conjurations
  8481 | D:9      | Noticed a green ugly thing
  8484 | D:9      | Killed a green ugly thing
  8644 | D:9      | Found a snail-covered altar of Cheibriados.
  8653 | D:9      | Reached skill level 5 in Conjurations
  8662 | D:9      | Reached skill level 9 in Short Blades
  8995 | D:9      | Found a shadowy altar of Dithmenos.
  9042 | D:10     | Entered Level 10 of the Dungeon
  9048 | D:10     | Noticed a rust devil
  9051 | D:10     | Reached skill level 1 in Air Magic
  9053 | D:10     | Reached skill level 1 in Poison Magic
  9062 | D:10     | Noticed a two-headed ogre
  9071 | D:10     | Killed a two-headed ogre
  9314 | D:10     | Received a gift from Nemelex Xobeh
  9400 | D:10     | Learned a level 2 spell: Blink
  9551 | D:10     | Received a gift from Nemelex Xobeh
  9717 | D:10     | Reached *** piety under Nemelex Xobeh
  9738 | D:10     | Received a gift from Nemelex Xobeh
  9802 | D:10     | Noticed an unseen horror
  9805 | D:10     | Killed an unseen horror
  9805 | D:10     | Reached XP level 11. HP: 84/84 MP: 17/17
 10177 | D:11     | Noticed a two-headed ogre
 10213 | D:11     | Killed a two-headed ogre
 10213 | D:11     | Reached skill level 5 in Spellcasting
 10439 | D:11     | HP: 1/84 [orc warrior/mace (14)]
 10440 | D:11     | Succumbed to an orc warrior's poison

Vault maps used:
D:1:      lightli_arrival_statue_moat, corexii_item_surrounded_by_moat
D:2:      wad_woods_tower
D:3:      uniq_jessica
D:4:      grunt_temple_overflow_bloody_war, serial_forest,
          infiniplex_forest_straight_3, infiniplex_forest_clump_diagonal,
          infiniplex_forest_lined_1, infiniplex_forest_corner_2,
          infiniplex_forest_clump_small, nicolae_ru_the_path_less_chosen,
          uniq_grinder
D:5:      lemuel_round_altar, first_bread, nemelex_diamond_rough_becter
D:6:      bloody_makhleb, minmay_temple_entry_purple_smoke
D:9:      nicolae_overflow_crystal_walls, grunt_dithmenos_shadows
D:11:     erik_lair_dragon, special_room, basic_altar,
          hangedman_little_slice_of_home

Skill      XL: |  1  2  3  4  5  6  7  8  9 10 11 |
---------------+----------------------------------+-----
Short Blades   | 3 4 5 6 7 8 9 |  9.4
Hexes          | 6 7 8 |  8.1
Fighting       | 2 3 6 7 |  7.0
Dodging        | 4 6 7 |  7.0
Stealth        | 5 7 |  7.0
Armour         | 3 6 7 |  7.1
Ice Magic      | 3 6 7 |  7.1
Invocations    | 3 6 7 |  7.0
Conjurations   | 6 7 |  7.0
Air Magic      | 3 4 |  4.8
Poison Magic   | 3 4 |  4.8
Spellcasting   | 4 5 |  5.7
Evocations     | 2 3 |  3.6

Action                   |  1- 3 |  4- 6 |  7- 9 | 10-12 || total
-------------------------+-------+-------+-------+-------++-------
Melee: Dagger            |   111 |    60 |       |       ||   171
       Bite              |     7 |     6 |    25 |    21 ||    59
       Short sword       |       |    59 |   300 |       ||   359
       Rapier            |       |       |       |   229 ||   229
 Cast: Ensorcelled Hiber |     1 |     2 |    38 |     4 ||    45
       Confuse           |       |     8 |     9 |     4 ||    21
       Tukima's Dance    |       |     1 |     4 |     3 ||     8
       Mephitic Cloud    |       |       |       |     5 ||     5
Evoke: Wand              |       |       |    13 |     6 ||    19
       Deck              |       |       |    11 |    11 ||    22
  Use: Potion            |     3 |       |     1 |       ||     4
       Scroll            |    13 |     1 |     9 |     5 ||    28
 Stab: Sleeping          |     8 |    10 |    31 |     9 ||    58
       Distracted        |     3 |       |     1 |     1 ||     5
       Confused          |       |     3 |     9 |     3 ||    15
  Eat: Chunk             |    14 |     7 |    18 |    14 ||    53
Armor: Robe              |    12 |    10 |     2 |       ||    24
       Scale mail        |       |       |    88 |    46 ||   134
Dodge: Dodged            |    52 |    57 |   150 |   101 ||   360
